 Dungeon Crawl Stone Soup version 0.23-a0-554-gd3cbc84 (webtiles) character file.

1649 jerryfan the Skirmisher (level 8, -1/65 HPs)
             Began as a Demonspawn Monk on Dec 10, 2018.
             Was a Believer of Dithmenos.
             Slain by a shadow imp (5 damage)
             ... on level 6 of the Dungeon.
             The game lasted 00:22:07 (7532 turns).

jerryfan the Skirmisher (Demonspawn Monk)           Turns: 7532, Time: 00:22:08

Health: -1/65      AC:  5    Str: 13    XL:     8   Next: 67%
Magic:  8/8        EV: 16    Int: 13    God:    Dithmenos [**....]
Gold:   295        SH:  0    Dex: 22    Spells: 7/7 levels left

rFire    . . .     SeeInvis .   D - +8 mace "Dragonslayer" {crush, rC++ Stlth+}
rCold    + + .     Gourm    .   (no shield)
rNeg     . . .     Faith    .   E - +0 leather armour of Pegeag {+Inv rCorr Dex+3}
rPois    .         Spirit   .   (helmet restricted)
rElec    .         Reflect  .   (no cloak)
rCorr    +         Harm     .   u - +1 pair of gloves
MR       .....                  (no boots)
Stlth    ++++++....             n - amulet of magic regeneration
HPRegen  0.20/turn              e - ring of wizardry
MPRegen  0.36/turn              G - +2 ring of strength

@: very slightly contaminated, wreathed by umbra
A: antennae 1, thin skeletal structure 1, foul stench 1, powered by death 1, rot
immunity
a: Shadow Step, Renounce Religion, Evoke Invisibility


You were on level 6 of the Dungeon.
You worshipped Dithmenos.
Dithmenos was pleased with you.
You were not hungry.

You visited 1 branch of the dungeon, and saw 7 of its levels.

You collected 295 gold pieces.

Inventory:

Hand Weapons
 a - a +0 mace
 h - a +0 short sword
 k - a +4 dagger
 v - a +1 rapier
 D - the +8 mace "Dragonslayer" (weapon) {crush, rC++ Stlth+}
   (You found it on level 6 of the Dungeon)

   It inflicts extra damage upon your enemies.
   It greatly protects you from cold.
   It makes you more stealthy.
 J - a +2 dagger of venom
Armour
 b - a +0 robe
 u - a +1 pair of gloves (worn)
 w - the +5 ring mail of the Cricket {rCorr Str+4 Int+3 Dex-3}
   (You found it on level 4 of the Dungeon)

   It affects your strength (+4).
   It affects your intelligence (+3).
   It affects your dexterity (-3).
   It provides partial protection from all sources of acid and corrosion.
 E - the +0 leather armour of Pegeag (worn) {+Inv rCorr Dex+3}
   (You found it on level 6 of the Dungeon)

   It affects your dexterity (+3).
   It lets you turn invisible.
   It provides partial protection from all sources of acid and corrosion.
Jewellery
 e - a ring of wizardry (left hand)
 g - an uncursed ring of wizardry
 n - an amulet of magic regeneration (around neck)
 G - a +2 ring of strength (right hand)
Wands
 o - a wand of disintegration (10)
 B - a wand of random effects (11)
 F - a wand of paralysis (1)
 H - a wand of clouds (2)
Scrolls
 d - 4 scrolls of enchant weapon
 i - 4 scrolls of teleportation {unknown}
 j - 2 scrolls of remove curse {unknown}
 m - a scroll of identify
 p - 5 scrolls of fog {unknown}
 t - 2 scrolls of fear {unknown}
 y - 2 scrolls of immolation {unknown}
Potions
 f - a potion of might
 l - a potion of lignification
 r - 2 potions of curing
 s - a potion of brilliance {unknown}
 x - a potion of agility {unknown}
 A - 2 potions of degeneration {unknown}
 C - a potion of flight {unknown}
Comestibles
 c - 11 rations
 z - 6 chunks of flesh


   Skills:
 + Level 6.3 Fighting
 - Level 3.3 Short Blades
 + Level 4.4 Maces & Flails
 + Level 5.8 Dodging
 + Level 5.5 Stealth


You had 7 spell levels left.
You didn't know any spells.
Your spell library was empty.

Dungeon Overview and Level Annotations

Branches:
Dungeon (7/15)             Temple (0/1) D:6

Altars:
Cheibriados
Dithmenos
Qazlal
Uskayaw

Annotations:
D:1 exclusion: 2 downstairs
D:2 Sigmund
D:3 1 runed door, exclusions: door and 2 downstairs, confidenceinterval's ghost, amateur GnWn


Innate Abilities, Weirdness & Mutations

You have a pair of small antennae on your head.
You have a somewhat thin skeletal structure. (Dex +2, Stealth)
You may emit foul miasma when damaged in melee.
You regenerate a little health from kills.
You are immune to rotting.


Message History

The big kobold closely misses you.
You hit the big kobold.
The big kobold is heavily wounded.
You flicker back into view.
The shadow imp hits you. The big kobold misses you.
You sock the big kobold!
You kill the big kobold!
Dithmenos accepts your kill. The shadow imp gestures at you.
Pain shoots through your body!
* * * LOW HITPOINT WARNING * * *
You hit the shadow imp.
The shadow imp is severely wounded.
The shadow imp gestures at you. Pain shoots through your body!
* * * LOW HITPOINT WARNING * * *
You barely miss the shadow imp.
The shadow imp is severely wounded.
The shadow imp hits you.
You die...

.####....# #######
.........# #.....#
..###....######.....#
#.###...............#
#..##....######.....#
##....#### #.....#
.....## #.>...#
.###.# #)....# .# #.#
#5@...# .###.####
###.### ...#....#
######.#
##..".#.####...##.#
#####..........##(#
#..#####..#....##.#
#..# ##...#..##.#
...######..##.....#
#.#.)......#..##..#


You could see a shadow imp.

Vanquished Creatures
  A centaur skeleton (D:6)
  2 ogres
  2 centaurs
  2 phantoms
  A big kobold (D:6)
  4 wights (D:6)
  3 crimson imps
  An orc priest (D:2)
  2 hounds
  An orc wizard (D:2)
  3 iguanas
  5 worker ants
  A hound skeleton (D:5)
  A worker ant zombie (D:7)
  3 gnolls (D:4)
  2 howler monkey skeletons
  3 adders (D:2)
  A shadow imp (D:6)
  2 oozes
  An adder skeleton (D:6)
  4 worms
  3 dart slugs
  5 leopard geckos
  9 orcs
  4 bats
  7 giant cockroaches
  5 goblins
  9 hobgoblins
  11 jackals
  3 quokkas
  4 frilled lizards
  13 kobolds
  A quokka skeleton (D:6)
  6 rats
125 creatures vanquished.

Vanquished Creatures (others)
  A plant (D:1)
1 creature vanquished.

Grand Total: 126 creatures vanquished

Notes
Turn   | Place    | Note
-------+----------+-------------------------------------------
     0 | D:1      | jerryfan the Demonspawn Monk began the quest for the Orb.
     0 | D:1      | Reached XP level 1. HP: 18/18 MP: 1/1
   290 | D:1      | Gained mutation: You have a pair of small antennae on your
                  | head. [demonic ancestry]
   290 | D:1      | Reached XP level 2. HP: 24/24 MP: 2/2
   976 | D:1      | Reached XP level 3. HP: 26/29 MP: 3/3
  1726 | D:2      | Noticed Sigmund
  1795 | D:2      | Found a faded altar of an unknown god.
  2039 | D:2      | Reached skill level 1 in Short Blades
  2181 | D:2      | Gained mutation: You are immune to rotting. [demonic
                  | ancestry]
  2181 | D:2      | Reached XP level 4. HP: 18/36 MP: 4/4
  2193 | D:2      | Gained mutation: You may emit foul miasma when damaged in
                  | melee. [demonic ancestry]
  2193 | D:2      | Reached XP level 5. HP: 26/42 MP: 5/5
  2409 | D:2      | Found a snail-covered altar of Cheibriados.
  2639 | D:2      | Reached skill level 4 in Fighting
  3268 | D:3      | Found a hide-covered altar of Uskayaw.
  3589 | D:3      | Found a stormy altar of Qazlal.
  3787 | D:3      | Found a runed door.
  3793 | D:3      | Noticed confidenceinterval's ghost (amateur GnWn)
  3964 | D:4      | Gained mutation: You have a somewhat thin skeletal
                  | structure. (Dex +2, Stealth) [demonic ancestry]
  3964 | D:4      | Reached XP level 6. HP: 31/48 MP: 6/6
  4606 | D:4      | Got a heavily runed ring mail
  4609 | D:4      | Identified the +5 ring mail of the Cricket {rCorr Str+4
                  | Int+3 Dex-3} (You found it on level 4 of the Dungeon)
  5423 | D:5      | Entered Level 5 of the Dungeon
  5678 | D:5      | Found a shadowy altar of Dithmenos.
  5691 | D:5      | Gained mutation: You regenerate a little health from kills.
                  | [demonic ancestry]
  5691 | D:5      | Reached XP level 7. HP: 55/55 MP: 7/7
  5711 | D:5      | Became a worshipper of Dithmenos the Shadowed
  5711 | D:5      | Reached * piety under Dithmenos
  5711 | D:5      | Reached ** piety under Dithmenos
  5907 | D:5      | Reached skill level 5 in Fighting
  6780 | D:6      | Got an ancient mace
  6785 | D:6      | Got a distressingly furry leather armour
  6786 | D:6      | Identified the +8 mace "Dragonslayer" {crush, rC++ Stlth+}
                  | (You found it on level 6 of the Dungeon)
  6788 | D:6      | Identified the +0 leather armour of Pegeag {+Inv rCorr
                  | Dex+3} (You found it on level 6 of the Dungeon)
  6805 | D:6      | Found a staircase to the Ecumenical Temple.
  6892 | D:6      | Reached skill level 5 in Dodging
  6892 | D:6      | Reached XP level 8. HP: 60/64 MP: 8/8
  6902 | D:6      | Reached skill level 5 in Stealth
  7001 | D:6      | Reached skill level 6 in Fighting
  7532 | D:6      | Slain by a shadow imp

Vault maps used:
D:1:      lemuel_arrival_river_bridge, lexackson_kobold_supper
D:2:      kennysheep_slug_shrine, chequers_ecumenical_altar_simple,
          serial_forest, infiniplex_forest_straight_3,
          infiniplex_forest_lined_3_way, infiniplex_forest_corner_1,
          infiniplex_forest_clump_medium, infiniplex_forest_straight_2,
          infiniplex_forest_zigzag_2, infiniplex_forest_end_3,
          corexii_leaking_fountain, minmay_misc_feat_roman, uniq_sigmund
D:3:      lemuel_doored_altar, ebering_ghost_sewer_d,
          nicolae_qazlal_general_emergency
D:4:      first_ration, chequers_serial_rivers_micro_b
D:5:      nicolae_dithmenos_shadow_blocks
D:6:      minmay_temple_entry_enclosed_plants, grunt_ministairs_11, st_stairs_8
D:7:      nicolae_gozag_seed_capital, led_sif_book, enter_ossuary_4,
          grunt_livestock, corexii_checkpoint_a

Skill      XL: |  1  2  3  4  5  6  7  8 |
---------------+-------------------------+-----
Maces & Flails | 3 4 |  4.4
Dodging        | 3 4 5 |  5.8
Stealth        | 2 3 4 5 |  5.5
Short Blades   | 1 2 3 |  3.3
Fighting       | 4 5 6 |  6.3

Action                   |  1- 3 |  4- 6 |  7- 9 || total
-------------------------+-------+-------+-------++-------
Melee: Mace              |    25 |       |    83 ||   108
       Dagger            |    83 |   252 |    59 ||   394
Throw: Throwing net      |       |     1 |       ||     1
 Abil: Evoke Invisibilit |       |       |     1 ||     1
Evoke: Wand              |       |       |     5 ||     5
  Use: Potion            |     1 |     2 |     2 ||     5
       Scroll            |       |     2 |    10 ||    12
 Stab: Sleeping          |     3 |    14 |    11 ||    28
       Paralysed         |       |       |     3 ||     3
       Invisible         |       |       |     2 ||     2
       Distracted        |       |       |     1 ||     1
  Eat: Chunk             |     4 |     8 |     3 ||    15
       Ration            |       |     1 |     1 ||     2
Armor: Robe              |    17 |    20 |     2 ||    39
       Skin              |       |    14 |       ||    14
       Leather armour    |       |       |    11 ||    11
Dodge: Dodged            |    57 |   146 |   134 ||   337

Table legend:
 A = Non-vault XP
 B = Vault XP
 C = Vault XP percentage of total XP
 D = Non-vault monster count
 E = Vault monster count
 F = Vault count percentage of total count
                 A         B        C        D         E       F
            +---------+---------+-------+---------+---------+-------
      Total |    2156 |     200 |   8.5 |     112 |      13 |  10.4
            +---------+---------+-------+---------+---------+-------
        D:1 |      41 |      13 |  24.1 |      22 |       8 |  26.7
        D:2 |     174 |       4 |   2.2 |      24 |       1 |   4.0
        D:3 |     113 |       0 |   0.0 |      21 |       0 |   0.0
        D:4 |     241 |       0 |   0.0 |      10 |       0 |   0.0
        D:5 |     497 |       0 |   0.0 |      15 |       0 |   0.0
        D:6 |     977 |     183 |  15.8 |      12 |       4 |  25.0
        D:7 |     113 |       0 |   0.0 |       8 |       0 |   0.0
            +---------+---------+-------+---------+---------+-------
